 Dungeon Crawl Stone Soup version 0.31-a0-692-gf03d1854d5 (webtiles) character file.

Game seed: 4927192481773486231

46 Bnni the Shield-Bearer (level 3, -2/30 HPs)
             Began as a Formicid Fighter on Sept 7, 2023.
             Succumbed to Sigmund's poison
             ... on level 2 of the Dungeon.
             The game lasted 00:01:48 (848 turns).

Bnni the Shield-Bearer (Formicid Fighter)            Turns: 848, Time: 00:01:49

Health: -2/30      AC:  6    Str: 22    XL:     3   Next: 95%
Magic:  3/3        EV:  9    Int:  7    God:
Gold:   85         SH:  5    Dex: 13    Spells: 2/2 levels left

rFire   . . .        a - +0 trident
rCold   . . .        c - +0 buckler
rNeg    . . .        b - +0 scale mail
rPois   .            (helmet unavailable)
rElec   .            (no cloak)
rCorr   .            (no gloves)
SInv    +            (no boots)
Will    .....        (no amulet) Stlth
                     (no ring)
HPRegen 0.25/turn    (no ring)
MPRegen 0.08/turn

%: no passive effects
@: mighty, lethally poisoned (-2 -> -14)
A: permanent stasis, dig shafts and tunnels, antennae 3, four strong arms
a: Dig, Shaft Self


You were on level 2 of the Dungeon.
You visited 1 branch of the dungeon, and saw 2 of its levels.

You collected 85 gold pieces.

Inventory:

Hand Weapons
 a - a +0 trident (weapon)
Armour
 b - a +0 scale mail (worn)
 c - a +0 buckler (worn)
Scrolls
 e - 3 scrolls of identify {unknown}
 f - a scroll of fog {unknown}
Potions
 g - a potion of haste {unknown}
 h - a potion of attraction {unknown}
 i - 2 potions of curing {unknown}


   Skills:
 + Level 3.6 Fighting
 * Level 2.9 Polearms
 - Level 3.2 Armour
 * Level 4.9 Shields


You had 2 spell levels left.
You didn't know any spells.
Your spell library was empty.

Dungeon Overview and Level Annotations

Branches:
Dungeon (2/15)

Altars:


Innate Abilities, Weirdness & Mutations

You cannot be hasted, slowed, berserked, paralysed or teleported.
You can dig through walls and to a lower floor.
You have a pair of large antennae on your head. (SInv)
Your four strong arms can wield two-handed weapons with a shield.


Message History

Found a stone staircase leading down.
Sigmund casts a spell at you. The puff of flame hits you!
Sigmund hits you from afar with a +2 scythe of venom.
You are poisoned.
You feel very mighty all of a sudden.
You feel sick.
You reach to attack!
You barely miss Sigmund.
You feel sick.
Sigmund hits you from afar with a +2 scythe of venom!
You are too injured to fight recklessly!
You are too injured to fight recklessly!
You closely miss the hobgoblin.
You feel sick.
The hobgoblin hits you but does no damage.
You block Sigmund's attack.
You impale the hobgoblin!!
You kill the hobgoblin!
You feel sick.
Reach: a) +0 trident
Press: ? - help, Dir - move target, f/p - Sigmund
Aim: Sigmund, wielding a +2 scythe of venom and wearing a +0 robe (about 47% to evade your +0 trident)
You reach to attack!
You hit Sigmund.
Sigmund is moderately wounded.
You feel sick.
You are no longer poisoned.
You block Sigmund's attack.
Unknown command.
Reach: a) +0 trident
Press: ? - help, Dir - move target, f/p - Sigmund
Aim: Sigmund, wielding a +2 scythe of venom and wearing a +0 robe (moderately wounded, about 47% to evade your +0 trident)
You reach to attack!
You puncture Sigmund!
Sigmund is heavily wounded.
Sigmund hits you from afar with a +2 scythe of venom.
* * * LOW HITPOINT WARNING * * *
You are lethally poisoned!
Reach: a) +0 trident
Press: ? - help, Dir - move target, f/p - Sigmund
Aim: Sigmund, wielding a +2 scythe of venom and wearing a +0 robe (heavily wounded, about 47% to evade your +0 trident)
You reach to attack!
You puncture Sigmund!
You kill Sigmund!
You die...

#. .# #
.##>#. .<..#.
.... ...#
#).#
#.########..#
#.....>.##@.#
##<##..#
#...#..###
###...#....#
#........#.#
#........#.#
#.....).## #
##....###
#....#


There were no monsters in sight!

Vanquished Creatures
  Sigmund (D:2)
  A gnoll (D:1)
  3 dart slugs (D:1)
  2 ball pythons (D:1)
  3 endoplasms (D:1)
  2 giant cockroaches (D:1)
  6 hobgoblins
  4 kobolds (D:1)
  3 quokkas (D:1)
  A bat (D:1)
  A frilled lizard (D:1)
  3 rats (D:1)
30 creatures vanquished.

Notes
Turn   | Place    | Note
-------+----------+-------------------------------------------
     0 | D:1      | Bnni the Formicid Fighter began the quest for the Orb.
     0 | D:1      | Reached XP level 1. HP: 18/18 MP: 1/1
   170 | D:1      | Reached XP level 2. HP: 18/24 MP: 2/2
   336 | D:1      | Reached XP level 3. HP: 25/29 MP: 3/3
   838 | D:2      | Noticed Sigmund
   848 | D:2      | Killed Sigmund
   848 | D:2      | Succumbed to Sigmund's poison

Illustrated notes

Levels and vault maps discovered:
D:1:      lightli_arrival_boilingwater, layout_basic, nicolae_grassy_gnolls
D:2:      layout_loops_ring, shapermc_ecumenical_altar_mp_vishouse, uniq_sigmund

Action                     || total
---------------------------++-------
  Melee: Trident           ||    89
    Use: Potion            ||     1
 Armour: Scale mail        ||    48
  Dodge: Dodged            ||    22
  Block: Buckler           ||    20

Table legend: (Time is in decaauts)
 A = Elapsed time spent in this place.
 B = Non-inter-level travel time spent in this place.
 C = Inter-level travel time spent in this place.
 D = Time resting spent in this place.
 E = Time spent auto-exploring this place.
 F = Levels seen in this place.
 G = Mean time per level.
                   A        B        C        D        E       F      G
               +--------+--------+--------+--------+--------+-----+--------+
         Total |    867 |    863 |      4 |      0 |    670 |   2 |  433.5 |
       Dungeon |    867 |    863 |      4 |      0 |    670 |   2 |  433.5 |
               +--------+--------+--------+--------+--------+-----+--------+

Top non-repeatable levels by time:
     D:1: 850 daAuts
     D:2: 16 daAuts
